 Dungeon Crawl Stone Soup version 0.29.1-15-g9cfb28693d (webtiles) character file.

Game seed: 3894131795262664957

30 asdfadf the Trooper (level 3, 0/33 HPs)
             Began as a Hill Orc Fighter on Apr 28, 2023.
             Slain by a gnoll
             ... wielding a +0 whip
              (5 damage)
             ... on level 2 of the Dungeon.
             The game lasted 00:05:01 (1252 turns).

asdfadf the Trooper (Hill Orc Fighter)              Turns: 1252, Time: 00:05:02

Health: 0/33       AC:  7    Str: 20    XL:     3   Next: 18%
Magic:  3/3        EV:  9    Int:  8    God:
Gold:   56         SH:  4    Dex: 10    Spells: 2/2 levels left

rFire   . . .      SeeInvis .   a - +0 war axe
rCold   . . .      Faith    .   c - +0 buckler
rNeg    . . .      Spirit   .   b - +0 scale mail
rPois   .          Reflect  .   (no helmet)
rElec   .          Harm     .   (no cloak)
rCorr   .          Rampage  .   (no gloves)
Will    .....                   (no boots)
Stlth   ..........              (no amulet)
HPRegen 0.11/turn               (no ring)
MPRegen 0.08/turn               (no ring)

@: no status effects
A: no striking features
a: no special abilities


You were on level 2 of the Dungeon.
You visited 1 branch of the dungeon, and saw 2 of its levels.

You collected 104 gold pieces.
You donated 48 gold pieces to Zin.

Inventory:

Hand Weapons
 a - a +0 war axe (weapon)
Armour
 b - a +0 scale mail (worn)
 c - a +0 buckler (worn)
Scrolls
 f - a scroll of torment {unknown}
 h - a scroll of amnesia {unknown}
 i - a scroll of blinking {unknown}
 j - a scroll of teleportation {unknown}
Potions
 d - a potion of might
 e - a potion of lignification {unknown}
 g - a potion of berserk rage {unknown}


   Skills:
 + Level 3.9 Fighting
 + Level 2.9 Axes
 + Level 3.9 Armour
 + Level 0.3 Dodging
 + Level 3.6 Shields


You had 2 spell levels left.
You didn't know any spells.
Your spell library contained the following spells:

 Spells                   Type           Power      Damage    Failure   Level
 Conjure Flame            Conj/Fire      0%         6-21      99%         3
 Ignite Poison            Fire/Tmut/Pois 0%         N/A       99%         3
 Animate Dead             Necr           0%         N/A       100%        4
 Sticky Flame             Conj/Fire      0%         2d3       100%        4
 Borgnjor's Vile Clutch   Necr/Erth      0%         N/A       100%        5
 Death Channel            Necr           0%         N/A       100%        6


Dungeon Overview and Level Annotations

Branches:
Dungeon (2/15)

Altars:
Wu Jian
Zin


Message History

Found a stone staircase leading down.
A kobold comes into view. It is wielding a +0 short sword.
The kobold shouts!
A giant cockroach comes into view.
The teleport trap disappears.
The kobold disappears!
Found 6 stones.
You see here 6 stones.
Found 11 gold pieces.
Found 13 gold pieces.
Found 6 gold pieces.
A gnoll comes into view. It is wielding a +0 whip.
The gnoll shouts!
You hear a shout!
A gnoll comes into view. It is wielding a +0 whip.
A gnoll comes into view. It is wielding a +0 spear.
The gnoll shouts!
An endoplasm comes into view.
Found 5 stones and 15 gold pieces.
The endoplasm quivers.
The gnoll hits you from afar with a +0 spear.
The gnoll hits the plant with a +0 spear!
The plant begins to die.
The gnoll completely misses the plant.
The gnoll hits the plant with a +0 whip!
The plant begins to die.
The gnoll hits you with a +0 whip. You block the gnoll's attack.
The gnoll attacks as you move away! The gnoll hits you with a +0 whip.
A nearby plant withers and dies.
The gnoll hits you but does no damage.
A nearby plant withers and dies.
The endoplasm freezes you.
You are frozen.
The gnoll misses you.
The gnoll hits you from afar with a +0 spear!
The gnoll attacks as you move away! The gnoll misses you.
You slash the endoplasm!
You kill the endoplasm!
The gnoll hits you from afar with a +0 spear.
The gnoll hits you with a +0 whip.
The gnoll hits you from afar with a +0 spear!
* * * LOW HITPOINT WARNING * * *
You hit the gnoll but do no damage. The gnoll hits you with a +0 whip.
You die...

##.P....PP..# ....P...$...#
#..P.......# #..P.....$$#
##### ##.........#
....###.........##
###.#..........gg###########
#.#.#.......##g##........#
#.# ##.....###@##.######.#
#.#(##.....###.##.# #.#
#.#.##............# #.#
###.#.##.....###.#### #.#
....#.##.....# #.# #.#
##....##.#.### #.# #####.##
#.##.##.#.# #.# #......#
##.##.##.#.## #.#####......#
.....[#.....) .............#


You could see 3 gnolls.

Vanquished Creatures
  A worm (D:2)
  3 ball pythons (D:1)
  4 endoplasms
  2 goblins
  5 hobgoblins
  A quokka (D:2)
  A bat (D:2)
  A frilled lizard (D:2)
  3 kobolds
  2 rats (D:1)
  A spectral hobgoblin (D:1)
24 creatures vanquished.

Vanquished Creatures (others)
  2 plants (D:2)
2 creatures vanquished.

Grand Total: 26 creatures vanquished

Notes
Turn   | Place    | Note
-------+----------+-------------------------------------------
     0 | D:1      | asdfadf the Hill Orc Fighter began the quest for the Orb.
     0 | D:1      | Reached XP level 1. HP: 19/19 MP: 1/1
   248 | D:1      | Found a faded altar of an unknown god.
   261 | D:1      | Prayed at the altar of an unknown god.
   261 | D:1      | Became a worshipper of Zin the Law-Giver
   261 | D:1      | Reached * piety under Zin
   291 | D:1      | Donated 28 gold pieces to Zin
   292 | D:1      | Donated 14 gold pieces to Zin
   309 | D:1      | Reached XP level 2. HP: 26/27 MP: 2/2
   424 | D:1      | Fell from the grace of Zin
   827 | D:2      | Found an ornate altar of the Wu Jian Council.
  1007 | D:2      | Reached XP level 3. HP: 29/33 MP: 3/3
  1252 | D:2      | Slain by a gnoll

Illustrated notes

Levels and vault maps discovered:
D:1:      dpeg_arrival_lava_temple_mockup, layout_loops_ring,
          dreamdust_ecumenical_altar_drowned_temple, chequers_garden,
          roderic_lattice_a
D:2:      layout_loops_ring, basic_altar, nicolae_grassy_gnolls

Action                   || total
-------------------------++-------
Melee: War axe           ||    74
Invok: Donate Gold       ||     2
       Renounce Religion ||     1
Armor: Scale mail        ||    45
Dodge: Dodged            ||    53
Block: Buckler           ||    26
